Cogmind - Beta 10 @@@ ROGUE MODE // 2020.09.16 @ 12:32:45 Player: Pimski Result: Destroyed by Z-Imprinter with Zionite Laser-M Performance ------------- Evolutions (3) 1500 Regions Visited (10) 2000 Robots Destroyed (90) 450 Value Destroyed (2129) 2129 Prototype IDs (39) 780 Alien Tech Used (0) 0 Bonus (555) 555 TOTAL SCORE: 7414 Bonus ------- High Alert Combat Kills 74 Follower Combat Kills 103 Aligned with FarCom 300 Met Imprinter 300 Friendly Fire -222 Cogmind --------- Core Integrity 0/700 Matter 243/300 Energy 100/100 System Corruption 0% Temperature Cool (18) Movement Core (100) Ox1 Location -7/Deep Caves Parts ------- > --- POWER (1) -------- (None) > --- PROPULSION (4) --- (None) > --- UTILITY (6) ------ Advanced Signal Interpreter Armor Integrity Analyzer Improved Utility Shielding Hacking Suite Makeshift System Shield > --- WEAPON (2) ------- CR-A16's Pointy Stick > --- INVENTORY (4) ---- Improved Cesium-ion Thruster Improved Cesium-ion Thruster Peak State ------------ > --- POWER ------------ Light Angular Momentum Engine > --- PROPULSION ------- Cesium-ion Thruster Cesium-ion Thruster Improved Cesium-ion Thruster Improved Cesium-ion Thruster > --- UTILITY ---------- Large Storage Unit Advanced Signal Interpreter Hacking Suite Hacking Suite Makeshift System Shield Hacking Drone Bay > --- WEAPON ----------- Mini Grenade Launcher Makeshift Spear > --- INVENTORY -------- Light Angular Momentum Engine Improved Cesium-ion Thruster Improved Cesium-ion Thruster Makeshift Flight Unit Experimental Sensor Array Improved Utility Shielding Makeshift System Shield Guided Plasma Cannon Mini Assault Cannon CR-A16's Pointy Stick [Rating: 54] Favorites ----------- Power Improved Deuterium Engine Engine Improved Deuterium Engine Power Core Light Nuclear Core Propulsion Light Treads Treads Light Treads Leg Aluminum Leg Flight Unit Cesium-ion Thruster Utility High-capacity Storage Unit Device Experimental Sensor Array Storage High-capacity Storage Unit Processor Advanced Signal Interpreter Hackware Hacking Suite Protection Hardened Light Armor Plating Weapon Heavy Assault Rifle Energy Gun Small Laser Energy Cannon Guided Plasma Cannon Ballistic Gun Heavy Assault Rifle Ballistic Cannon Light Cannon Launcher Mini Grenade Launcher Special Weapon Welding Torch Slashing Weapon Katana Piercing Weapon Makeshift Spear Build | -11 -10 -10 -10 -9 -8 -7 -7 -7 -7 -7 ------- Run | Scr Mat Min Exi Min Mat Fac Low Low Zio Dee Slots Evolved 6 | . . . . . 4 2 . . . . Power . | . . . . . . . . . . . Propulsion 2 | . . . . . . 2 . . . . Utility 4 | . . . . . 4 . . . . . Weapon . | . . . . . . . . . . . Parts Attached 99 | 1 28 2 2 . 17 31 . 6 6 6 Power 8 | . 2 1 . . 1 3 . . . 1 Engine 7 | . 2 . . . 1 3 . . . 1 Core 1 | . . 1 . . . . . . . . Reactor . | . . . . . . . . . . . Propulsion 25 | . 10 . . . 4 10 . . . 1 Treads 20 | . 10 . . . 4 6 . . . . Leg . | . . . . . . . . . . . Wheel . | . . . . . . . . . . . Hover . | . . . . . . . . . . . Flight 5 | . . . . . . 4 . . . 1 Utility 35 | 1 3 . 2 . 9 13 . 2 4 1 Device 4 | . . . . . 1 1 . 1 1 . Storage 10 | 1 3 . 2 . 2 2 . . . . Processor 2 | . . . . . . 1 . . 1 . Hackware 5 | . . . . . . 3 . . 2 . Protection 14 | . . . . . 6 6 . 1 . 1 Artifact . | . . . . . . . . . . . Weapon 31 | . 13 1 . . 3 5 . 4 2 3 Energy Gun 7 | . 7 . . . . . . . . . Energy Cannon 1 | . . . . . . . . . . 1 Ballistic Gun 9 | . 3 1 . . 3 2 . . . . Ballistic Cannon 4 | . 2 . . . . . . 2 . . Launcher 3 | . . . . . . 1 . 1 1 . Special Weapon 1 | . 1 . . . . . . . . . Impact Weapon . | . . . . . . . . . . . Slashing Weapon 3 | . . . . . . 2 . 1 . . Piercing Weapon 3 | . . . . . . . . . 1 2 Special Melee Weapon . | . . . . . . . . . . . Unidentified Prototypes 4 | . . . . . 2 . . 1 1 . Parts Lost 16 | . 6 2 . . . 1 . . . 7 Power 3 | . . 1 . . . . . . . 2 Propulsion 5 | . 2 . . . . 1 . . . 2 Utility 1 | . . . . . . . . . . 1 Weapon 7 | . 4 1 . . . . . . . 2 Highest Loss Streak 7 | . 2 2 . . . 1 . . . 7 Average Slot Usage (%) 97 | . 92 99 100 100 100 98 92 93 97 88 Engine 6 | . 14 9 . . 6 7 7 7 7 6 Core 3 | . . 4 14 14 2 . . . . . Treads 21 | . 19 28 28 28 18 24 . . . . Flight 3 | . . . . . . 5 30 30 30 24 Storage 25 | . 28 28 28 28 28 25 7 7 7 3 Processor 1 | . . . . . . 1 7 7 9 15 Hackware 4 | . . . . . . 8 23 23 25 23 Protection 7 | . . . . . 25 9 . . . 3 Energy Gun 3 | . 18 9 . . . . . . . . Ballistic Gun 15 | . 6 18 28 28 18 12 . . . . Naked Turns . | . . . . . . . . . . . Heaviest Build 144 | 16 25 27 75 75 136 144 28 28 28 28 Greatest Support 82 | 20 40 40 40 40 40 82 28 28 28 28 Greatest Overweight (x) 3 | . 1 . 1 1 3 3 . . . . Average Overweight (x) . | . . . . 1 2 . . . . . Largest Inventory Capacity 34 | 8 12 12 20 20 34 34 10 10 10 10 Average Capacity 20 | 6 11 12 17 20 29 28 10 10 10 6 Most Carried 34 | 6 12 12 17 20 34 34 10 10 10 10 Average Carried 19 | 6 9 11 13 18 27 28 10 9 9 6 Final Capacity 34 | 8 12 12 20 20 34 10 10 10 10 4 Final Carried 34 | 6 12 12 17 20 34 10 10 10 10 2 Class Distribution -------------------- 57% | Hauler-Mutant 26% | Mutant 12% | Hacker-Sprinter 4% | Hacker-Mutant Dominant Class ---------------- Mutant | -10/Materials Mutant | -10/Mines Hauler-Mutant | -10/Exiles Hauler-Mutant | -9/Mines Hauler-Mutant | -8/Materials Hauler-Mutant | -7/Factory Hacker-Sprinter | -7/Lower Caves Hacker-Mutant | -7/Lower Caves Hacker-Sprinter | -7/Zion Hacker-Sprinter | -7/Deep Caves Resources | -11 -10 -10 -10 -9 -8 -7 -7 -7 -7 -7 ----------- Run | Scr Mat Min Exi Min Mat Fac Low Low Zio Dee Matter Collected 2453 | 210 310 66 . 39 569 1099 10 22 12 116 Remotely . | . . . . . . . . . . . Salvage Created 3897 | 89 667 212 . 41 798 1968 . 58 . 64 Parts 200 | 2 42 8 . 4 42 96 . 3 . 3 Haulers Intercepted 11 | . 2 . . . 4 5 . . . . Recyclers Shooed 13 | . 2 . . . 3 8 . . . . Parts Field Recycled . | . . . . . . . . . . . Retrieved Matter . | . . . . . . . . . . . Parts Self-Destructed 6 | . . . . . . . . 6 . . Prevented . | . . . . . . . . . . . Kills | -11 -10 -10 -10 -9 -8 -7 -7 -7 -7 -7 ------- Run | Scr Mat Min Exi Min Mat Fac Low Low Zio Dee Combat Hostiles Destroyed 51 | . 11 3 . 3 9 21 . 4 . . Guns 47 | . 11 3 . 3 9 21 . . . . AOE 4 | . . . . . . . . 4 . . Classes Destroyed 13 | 1 7 . . . 3 1 . . . 1 Worker 3 | . 1 . . . 1 1 . . . . Builder 1 | . 1 . . . . . . . . . Hauler 11 | . 2 . . . 4 5 . . . . Recycler 15 | 1 2 1 . . 3 8 . . . . Mechanic 1 | . . . . . 1 . . . . . Operator 3 | . 1 . . . 1 1 . . . . Watcher 4 | . 2 . . . . 2 . . . . Swarmer 20 | . 6 . . 3 4 3 . 4 . . Grunt 18 | . 5 3 . . 1 9 . . . . Sentry 5 | . . . . . 3 2 . . . . Hunter 3 | . . . . . 1 2 . . . . Programmer 5 | . . . . . . 5 . . . . Fireman 1 | . . . . . . . . . . 1 Best Kill Streak 6 | 1 3 2 . 3 6 5 . 4 . . Combat Bots Only 5 | . 3 2 . 3 5 3 . 4 . . Max Kills in Single Turn 3 | 1 2 1 . 1 1 1 . 3 . 1 Gunslinging . | . . . . . . . . . . . Exploded 3 | . . . . . . . . 3 . . Melee . | . . . . . . . . . . . Uniques/NPCs Destroyed . | . . . . . . . . . . . Combat | -11 -10 -10 -10 -9 -8 -7 -7 -7 -7 -7 -------- Run | Scr Mat Min Exi Min Mat Fac Low Low Zio Dee Damage Taken 4255 | . 721 128 . 41 704 1535 22 16 . 1088 Core 951 | . 97 39 . 13 73 141 22 16 . 550 Absorbed by Shields . | . . . . . . . . . . . Core Remaining (%) 75 | 100 . . . 40 86 . . . . . Volleys Fired 314 | 2 84 11 . 4 67 135 . 9 . 2 Largest 2 | 2 2 2 . 2 2 2 . 1 . 1 Hottest 120 | 80 90 63 . 46 46 50 . 48 . 120 Shots Fired 596 | 4 150 22 . 8 133 268 . 9 . 2 Gun 582 | 4 147 22 . 8 133 268 . . . . Cannon 10 | . 1 . . . . . . 7 . 2 Launcher 2 | . . . . . . . . 2 . . Special 2 | . 2 . . . . . . . . . Kinetic 471 | . 41 14 . 8 133 268 . 7 . . Thermal 97 | 2 85 8 . . . . . . . 2 Explosive 2 | . . . . . . . . 2 . . Electromagnetic 26 | 2 24 . . . . . . . . . Robot Hit Streak 29 | 1 9 10 . 6 29 25 . 1 . 3 Robot Miss Streak 4 | 1 4 3 . 1 3 3 . 1 . . Penetration Max . | . . . . . . . . . . . Secondary Targets 6 | . . . . 1 4 1 . . . . Max Gunslinging Chain 1 | . . . . 1 1 1 . . . . Shots Hit Robots 420 | 2 107 15 . 5 95 189 . 1 . 6 Core Hits 148 | 2 32 7 . 3 30 66 . 5 . 3 Critical Hits 6 | . . 1 . . 3 2 . . . . Critical Kills . | . . . . . . . . . . . Critical Parts Destroyed 6 | . . 1 . . 3 2 . . . . Melee Attacks 33 | . . . . . . 13 1 3 8 8 Impact . | . . . . . . . . . . . Slashing 17 | . . . . . . 13 1 3 . . Piercing 16 | . . . . . . . . . 8 8 Sneak Attacks 4 | . . . . . . 2 . . . 2 Combat Hostiles 1 | . . . . . . . . . . 1 Follow-up Attacks . | . . . . . . . . . . . Damage Inflicted 7202 | 36 1203 208 . 84 1398 3657 . 264 . 352 Guns 6053 | 36 1149 201 . 65 1366 3236 . . . . Cannons 93 | . 16 . . . . . . . . 77 Explosions 295 | . 31 . . . . . . 264 . . Melee 643 | . . . . . . 368 . . . 275 Ramming 116 | . 5 7 . 19 32 53 . . . . Kinetic 5079 | . 281 131 . 65 1366 3236 . . . . Thermal 855 | 23 685 70 . . . . . . . 77 Explosive 264 | . . . . . . . . 264 . . Electromagnetic 245 | 13 232 . . . . . . . . . Impact . | . . . . . . . . . . . Slashing 368 | . . . . . . 368 . . . . Piercing 275 | . . . . . . . . . . 275 Highest Corruption 2 | . 2 2 2 2 . 2 2 2 2 . Average Corruption 1 | . 2 2 2 2 . 1 2 2 2 . Corruption Purged . | . . . . . . . . . . . Effects 50 | . 7 3 5 12 . 18 1 2 2 . Message Errors 21 | . 5 1 2 6 . 6 . . 1 . Heat Flow Errors 9 | . . 1 2 3 . . 1 2 . . Energy Discharges 4 | . 1 . . 1 . 2 . . . . Data Loss (minor) 8 | . 1 . 1 2 . 3 . . 1 . Targeting Errors 8 | . . 1 . . . 7 . . . . Overload Shots . | . . . . . . . . . . . Overflow Damage 153 | . 18 . . . . 100 . 26 . 9 Projectiles 9 | . . . . . . . . . . 9 Explosions 44 | . 18 . . . . . . 26 . . Melee 100 | . . . . . . 100 . . . . Knockbacks 1 | . . . . . 1 . . . . . Impact 1 | . . . . . 1 . . . . . Kinetic . | . . . . . . . . . . . Secondary . | . . . . . . . . . . . Self-Inflicted Damage 50 | . 50 . . . . . . . . . Shots 1 | . 1 . . . . . . . . . Rammed 9 | . 4 1 . 2 1 1 . . . . Targets Rammed 12 | . 4 2 . 2 2 2 . . . . Kicked . | . . . . . . . . . . . Crushed 3 | . . 1 . . 1 1 . . . . Highest Temperature 369 | 20 369 175 257 165 135 239 287 201 . 188 Average Temperature 62 | 12 94 37 120 74 35 54 175 51 . 85 Received Heat Transfer 1191 | . 318 72 . . 126 369 . . . 306 Siege Activations . | . . . . . . . . . . . Robots Corrupted . | . . . . . . . . . . . Combat Hostiles . | . . . . . . . . . . . Parts Fried 1 | . 1 . . . . . . . . . Impact Corruptions 1 | . . . . . . 1 . . . . Robots Melted . | . . . . . . . . . . . Combat Hostiles . | . . . . . . . . . . . Parts Melted 3 | . 1 2 . . . . . . . . Heat Transferred 1825 | 50 1585 150 . . . . . . . 40 Parts Sabotaged . | . . . . . . . . . . . Parts Stolen . | . . . . . . . . . . . Parts Stripped . | . . . . . . . . . . . Power Chain Reactions 1 | . 1 . . . . . . . . . Missiles Intercepted . | . . . . . . . . . . . Alert | -11 -10 -10 -10 -9 -8 -7 -7 -7 -7 -7 ------- Run | Scr Mat Min Exi Min Mat Fac Low Low Zio Dee Peak Influence 840 | 5 207 102 . 50 137 840 . . . . Initial 3 | . 3 . . . . . . . . . Average 95 | 4 49 48 . . 52 229 . . . . Maximum Alert Level 3 | . 1 . . . . 3 . . . . Low Security (%) 83 | 100 96 100 . 100 100 47 . . . . Level 1 10 | . 3 . . . . 31 . . . . Level 2 5 | . . . . . . 19 . . . . Level 3 . | . . . . . . 1 . . . . Level 4 . | . . . . . . . . . . . Level 5 . | . . . . . . . . . . . High Security . | . . . . . . . . . . . Max Security . | . . . . . . . . . . . Squads Dispatched 14 | . . 1 . . 2 11 . . . . Investigation 5 | . . 1 . . 1 3 . . . . Extermination 4 | . . . . . . 4 . . . . Reinforcement 3 | . . . . . 1 2 . . . . Assault . | . . . . . . . . . . . Garrison 2 | . . . . . . 2 . . . . Intercept . | . . . . . . . . . . . Construction Impeded . | . . . . . . . . . . . Haulers Reinforced 1 | . . . . . . 1 . . . . Stealth | -11 -10 -10 -10 -9 -8 -7 -7 -7 -7 -7 --------- Run | Scr Mat Min Exi Min Mat Fac Low Low Zio Dee Distress Signals 7 | . 2 . . . 3 2 . . . . Communications Jammed . | . . . . . . . . . . . Distress Signals . | . . . . . . . . . . . Times Spotted 94 | . 23 4 . 4 20 36 1 3 . 3 Peak Tracking Total 8 | . 5 2 . 3 5 8 1 4 . 3 Tactical Retreats 2 | . . . . . 1 1 . . . . Traps | -11 -10 -10 -10 -9 -8 -7 -7 -7 -7 -7 ------- Run | Scr Mat Min Exi Min Mat Fac Low Low Zio Dee Traps Triggered 6 | . 6 . . . . . . . . . Indirectly . | . . . . . . . . . . . Trap Hack Attempts . | . . . . . . . . . . . Triggered . | . . . . . . . . . . . Disarmed . | . . . . . . . . . . . Reprogrammed . | . . . . . . . . . . . Reused . | . . . . . . . . . . . Traps Extracted . | . . . . . . . . . . . Installed . | . . . . . . . . . . . Triggered 3 | . . . . . . . . 3 . . Machines | -11 -10 -10 -10 -9 -8 -7 -7 -7 -7 -7 ---------- Run | Scr Mat Min Exi Min Mat Fac Low Low Zio Dee Machines Disabled 5 | . 1 1 . . 2 1 . . . . Max in Single Turn 1 | . 1 1 . . 1 1 . . . . Garrison Access 1 | . . . . . . 1 . . . . Machines Sabotaged . | . . . . . . . . . . . Garrisons Compromised . | . . . . . . . . . . . Overloaded Fab Kills . | . . . . . . . . . . . Fab Network Shutdowns 1 | . . . . . . 1 . . . . Hacking | -11 -10 -10 -10 -9 -8 -7 -7 -7 -7 -7 --------- Run | Scr Mat Min Exi Min Mat Fac Low Low Zio Dee Machines Accessed 28 | . 9 1 2 . 6 9 . 1 . . Terminals 16 | . 6 . . . 5 5 . . . . Fabricators 2 | . . . . . . 2 . . . . Repair Stations 2 | . 1 . . . 1 . . . . . Recycling Units 2 | . 2 . . . . . . . . . Scanalyzers 1 | . . . . . . 1 . . . . Garrison Access 1 | . . . . . . 1 . . . . Total Hacks 78 | . 27 1 2 . 17 30 . 1 . . Successful 51 | . 18 1 2 . 10 19 . 1 . . Failed 27 | . 9 . . . 7 11 . . . . Catastrophic 2 | . . . . . 2 . . . . . Database Lockouts . | . . . . . . . . . . . Manual 26 | . 11 . 1 . 7 7 . . . . Terminals 47 | . 19 . . . 15 13 . . . . Fabricators 13 | . . . . . . 13 . . . . Repair Stations 5 | . 3 . . . 2 . . . . . Recycling Units 5 | . 5 . . . . . . . . . Scanalyzers 3 | . . . . . . 3 . . . . Garrison Access 1 | . . . . . . 1 . . . . Terminal Hacks 23 | . 9 1 2 . 7 3 . 1 . . Record 1 | . . . 1 . . . . . . . Robot Analysis 2 | . 2 . . . . . . . . . Prototype ID Bank 7 | . 4 . . . 2 1 . . . . Open Door 2 | . . 1 . . . . . 1 . . Branch Access Points 2 | . . . . . 1 1 . . . . Alert Level 1 | . . . . . 1 . . . . . Unreport Threat 4 | . 2 . . . 2 . . . . . Hauler Manifests 3 | . 1 . . . 1 1 . . . . EX-Prototype ID Bank 1 | . . . 1 . . . . . . . Fabricator Hacks 8 | . . . . . . 8 . . . . Network Status 1 | . . . . . . 1 . . . . Load Schematic 2 | . . . . . . 2 . . . . Build 5 | . . . . . . 5 . . . . Repair Station Hacks 4 | . 2 . . . 2 . . . . . Scan Component 2 | . 1 . . . 1 . . . . . Repair 2 | . 1 . . . 1 . . . . . Recycling Unit Hacks 4 | . 4 . . . . . . . . . Retrieve Components 4 | . 4 . . . . . . . . . Scanalyzer 2 | . . . . . . 2 . . . . Insert Component 1 | . . . . . . 1 . . . . Analyze 1 | . . . . . . 1 . . . . Garrison Access Hacks 1 | . . . . . . 1 . . . . Seal Access 1 | . . . . . . 1 . . . . Unauthorized Hacks 9 | . 3 . . . 1 5 . . . . Terminals 5 | . 2 . . . 1 2 . . . . Assimilate 1 | . . . . . . 1 . . . . Botnet 4 | . 2 . . . 1 1 . . . . Fabricators 3 | . . . . . . 3 . . . . Report 1 | . . . . . . 1 . . . . Prioritize 1 | . . . . . . 1 . . . . Siphon 1 | . . . . . . 1 . . . . Repair Stations . | . . . . . . . . . . . Recycling Units 1 | . 1 . . . . . . . . . Mask 1 | . 1 . . . . . . . . . Scanalyzers . | . . . . . . . . . . . Garrison Access . | . . . . . . . . . . . Data Cores Recovered 1 | . 1 . . . . . . . . . Used 1 | . 1 . . . . . . . . . Hacking Detections 20 | . 7 . . . 5 8 . . . . Full Trace Events 5 | . 1 . . . 1 3 . . . . Feedback Events . | . . . . . . . . . . . Feedback Blocked . | . . . . . . . . . . . Robot Schematics Acquired . | . . . . . . . . . . . Robots Built . | . . . . . . . . . . . Matter . | . . . . . . . . . . . Time . | . . . . . . . . . . . Total Robot Build Rating . | . . . . . . . . . . . Part Schematics Acquired 1 | . . . . . . 1 . . . . Parts Built 3 | . . . . . . 3 . . . . Matter 945 | . . . . . . 945 . . . . Time 335 | . . . . . . 335 . . . . Total Part Build Rating 12 | . . . . . . 12 . . . . Parts Repaired 2 | . 1 . . . 1 . . . . . Time 106 | . 26 . . . 80 . . . . . Parts Recycled . | . . . . . . . . . . . Recycled Matter . | . . . . . . . . . . . Retrieved Matter . | . . . . . . . . . . . Retrieved Components 11 | . 11 . . . . . . . . . Parts Scanalyzed 1 | . . . . . . 1 . . . . Part Schematics Acquired 1 | . . . . . . 1 . . . . Parts Damaged . | . . . . . . . . . . . Bothacking | -11 -10 -10 -10 -9 -8 -7 -7 -7 -7 -7 ------------ Run | Scr Mat Min Exi Min Mat Fac Low Low Zio Dee Used RIF Installer . | . . . . . . . . . . . Robots Hacked . | . . . . . . . . . . . Non-combat . | . . . . . . . . . . . Combat . | . . . . . . . . . . . Robot Hacks Applied . | . . . . . . . . . . . Relay Couplers Released . | . . . . . . . . . . . Robots Rewired . | . . . . . . . . . . . Allies Hacked . | . . . . . . . . . . . Hacks Repelled . | . . . . . . . . . . . Allies | -11 -10 -10 -10 -9 -8 -7 -7 -7 -7 -7 -------- Run | Scr Mat Min Exi Min Mat Fac Low Low Zio Dee Total Allies 8 | . . 1 . 3 . 1 . . 3 . Largest Group 3 | . . 1 . 3 3 1 . . 3 3 Highest-Rated Group 87 | . . 31 . 40 40 26 . . 87 87 Highest-Rated Ally 31 | . . 31 . 16 16 26 . . 31 31 Total Orders 2 | . . . . . 1 . . . 1 . STAY 1 | . . . . . 1 . . . . . RETURN 1 | . . . . . . . . . 1 . Ally Attacks 73 | . . 5 . 2 46 . . . . 20 Total Damage 886 | . . 106 . 27 490 . . . . 263 Kills 10 | . . 2 . . 5 . . . . 3 Allies Corrupted . | . . . . . . . . . . . Allies Melted 1 | . . 1 . . . . . . . . Intel | -11 -10 -10 -10 -9 -8 -7 -7 -7 -7 -7 ------- Run | Scr Mat Min Exi Min Mat Fac Low Low Zio Dee Robot Analysis Total 2 | . 2 . . . . . . . . . Derelict Logs Recovered 7 | . . 2 . 2 . . 1 . 2 . Drone Launches 1 | . . . . . . . . . 1 . Drone Recoveries 1 | . . . . . . . . . 1 . Exploration | -11 -10 -10 -10 -9 -8 -7 -7 -7 -7 -7 ------------- Run | Scr Mat Min Exi Min Mat Fac Low Low Zio Dee Turns Passed 8725 | 20 1605 484 807 1189 1678 2138 76 128 425 175 Spaces Moved 5716 | 11 733 273 454 629 594 1457 213 240 800 312 Core 20 | . . . . . . . . . . 20 Treads 3347 | . 704 273 454 629 594 693 . . . . Legs 40 | 11 29 . . . . . . . . . Wheels . | . . . . . . . . . . . Hover . | . . . . . . . . . . . Flight 2309 | . . . . . . 764 213 240 800 292 Fastest Speed 28 | 120 120 160 160 180 200 28 28 28 28 28 Average Speed 118 | 120 168 160 174 180 213 100 28 28 28 30 Slowest Speed 220 | 120 180 160 180 180 220 220 28 28 28 50 Overloaded Moves . | . . . . . . . . . . . Propulsion Burnouts . | . . . . . . . . . . . Robots Hopped 7 | . . . . . . 4 2 . . 1 Cave-ins Triggered . | . . . . . . . . . . . Exploration Rate (%) 55 | 2 94 64 68 99 53 28 42 40 84 31 Regions Visited 10 Branch Regions 7 Pre-discovered Areas 3 | . . 1 1 . . . . . 1 . Known Exits Taken 5 | . . . . . 1 1 1 1 1 . Unknown Exits Taken 5 | 1 1 1 1 1 . . . . . . Scrap Searched 3 | . . . . 1 . . 1 . 1 . Spaces Dug 15 | . . . . . . 4 1 9 1 . Terrain Destroyed 27 | . 5 . . . . 4 1 16 1 . Melee 9 | . . . . . . 4 1 3 1 . Projectile 6 | . . . . . . . . 6 . . AOE 12 | . 5 . . . . . . 7 . . Terrain Rammed . | . . . . . . . . . . . Walls Destroyed . | . . . . . . . . . . . Machines Disabled . | . . . . . . . . . . . Actions | -11 -10 -10 -10 -9 -8 -7 -7 -7 -7 -7 --------- Run | Scr Mat Min Exi Min Mat Fac Low Low Zio Dee Total 7145 | 13 953 297 470 680 873 1973 225 285 994 382 Wait 779 | . 75 7 9 32 156 249 14 26 168 43 Move 5692 | 10 732 272 453 628 593 1448 208 239 799 310 Hop 7 | . . . . . . 4 2 . . 1 Pick Up 90 | . 17 2 4 9 24 28 . . 5 1 Fast Attach 31 | 1 13 1 . . 3 7 . . 4 2 Attach 33 | . 4 1 . . 7 14 . 2 2 3 Detach 5 | . . . . . 2 1 . 2 . . Swap 35 | . 11 . 2 . 7 10 . 4 . 1 Drop 114 | . 13 1 2 5 12 62 . . 8 11 Fire 314 | 2 84 11 . 4 67 135 . 9 . 2 Melee 33 | . . . . . . 13 1 3 8 8 Ram . | . . . . . . . . . . . Kick . | . . . . . . . . . . . Crush 12 | . 4 2 . 2 2 2 . . . . Escape Stasis . | . . . . . . . . . . . Rewire . | . . . . . . . . . . . Trap . | . . . . . . . . . . . Miscellaneous . | . . . . . . . . . . . Route ------- -11/Scrapyard -10/Materials (discovered 4 exits: [*Mat x3] / *Min) -10/Mines (discovered 2 exits: [*Mat] / *Exi) -10/Exiles -9/Mines (discovered 2 exits: *Mat x2) -8/Materials (discovered 2 exits: *Fac x2) -7/Factory (discovered 4 exits: *Fac / Sto / *Low x2) -7/Lower Caves -7/Lower Caves -7/Zion (discovered 2 exits: *Dee / *Pro) -7/Deep Caves History --------- Turn | Location | Event 7 | -11/Scrapyard | Discovered new exit (range 3) 21 | -11/Scrapyard | Entered Materials 309 | -10/Materials | Build established: Mutant 426 | -10/Materials | Discovered new exit (range 16) 777 | -10/Materials | Discovered new exit (range 16) 997 | -10/Materials | Discovered new exit (range 15) 1347 | -10/Materials | Discovered new exit (range 10) 1556 | -10/Materials | Repaired Lgt. Treads 1626 | -10/Materials | Entered Mines 1629 | -10/Mines | Received a Mining Laser from a helpful Derelict 1646 | -10/Mines | Discovered new exit (range 9) 1689 | -10/Mines | Learned Materials emergency access door positions 1891 | -10/Mines | Found a damaged Exp. Sensor Array with a note attached 1895 | -10/Mines | Found Prototype Device 1924 | -10/Mines | Learned location of Mines (-9) 1948 | -10/Mines | Core integrity fell below 50% 2005 | -10/Mines | Met a Derelict shopkeep closing up shop 2103 | -10/Mines | Deemed a non-threat by the Exiles lab entrance 2103 | -10/Mines | Discovered new exit (range 5) 2110 | -10/Mines | Entered Exiles 2150 | -10/Exiles | Met 8R-AWN 2176 | -10/Exiles | Met EX-HEX 2250 | -10/Exiles | Met EX-DEC 2376 | -10/Exiles | Learned location of Zion (-7) 2408 | -10/Exiles | Met EX-BIN 2434 | -10/Exiles | Aligned with FarCom system 2435 | -10/Exiles | Given EX-Vault access code 2477 | -10/Exiles | Opened EX-Vault 2489 | -10/Exiles | Found Gui. Plasma Cannon 2526 | -10/Exiles | Warned to stay clear of 0b10 Research branches 2625 | -10/Exiles | Build established: Hauler-Mutant 2721 | -10/Exiles | Found Latent Energy Streamer 2724 | -10/Exiles | Found Firepult 2897 | -10/Exiles | Discovered new exit (range 14) 2917 | -10/Exiles | Stole three prototypes: Latent Energy Streamer, Gui. Plasma Cannon, Firepult 2917 | -10/Exiles | Entered Mines 2944 | -9/Mines | Received a Rocket Launcher from a helpful Derelict 2978 | -9/Mines | Learned Materials emergency access door positions 3009 | -9/Mines | Discovered new exit (range 11) 3938 | -9/Mines | Discovered new exit (range 14) 3972 | -9/Mines | Assisted by bots powering up and referring to "LRC-V3" 4008 | -9/Mines | Joined a pair of Derelicts in attacking an 0b10 outpost 4106 | -9/Mines | Entered Materials 4106 | -8/Materials | Accompanied by 3 allies 4106 | -8/Materials | Evolved 4 slots: Utility x4 4107 | -8/Materials | Identified exit to Factory 5170 | -8/Materials | Identified Exp. Sensor Array 5253 | -8/Materials | Repaired Exp. Sensor Array 5705 | -8/Materials | Discovered exit to Factory (range 3) 5784 | -8/Materials | Entered Factory 5784 | -7/Factory | Evolved 2 slots: Propulsion x2 5786 | -7/Factory | FarCom data flow suspended 6371 | -7/Factory | Garrison activated, responded to threat 6893 | -7/Factory | Garrison activated, responded to threat 7012 | -7/Factory | Discovered new exit (range 14) 7359 | -7/Factory | Fabricated Imp. Cesium-ion Thruster? 7486 | -7/Factory | Fabricated Imp. Cesium-ion Thruster (x1) 7590 | -7/Factory | Identified exit to Factory 7751 | -7/Factory | Identified exit to Storage 7751 | -7/Factory | Identified exit to Lower Caves 7840 | -7/Factory | Build established: Hacker-Sprinter 7885 | -7/Factory | Local fabrication network quarantined 7890 | -7/Factory | Fabricated Imp. Cesium-ion Thruster? 7922 | -7/Factory | Entered Lower Caves 7943 | -7/Lower Caves | Identified exit to Lower Caves 7947 | -7/Lower Caves | Spotted B-75 Beast 7998 | -7/Lower Caves | Entered another Lower Caves area 8000 | -7/Lower Caves | Encountered a Warlord checkpoint 8123 | -7/Lower Caves | Discovered new exit (range 10) 8126 | -7/Lower Caves | Identified exit to Zion 8126 | -7/Lower Caves | Entered Zion 8139 | -7/Zion | Gained Derelict followers 8145 | -7/Zion | Discovered new exit (range 15) 8149 | -7/Zion | Identified exit to Proximity Caves 8168 | -7/Zion | System corruption cleaned by Quarantine Array 8206 | -7/Zion | Learned location of Data Miner (-6) 8209 | -7/Zion | Learned location of 1 exit from Factory 8214 | -7/Zion | Found CR-A16's Pointy Stick 8223 | -7/Zion | Learned Factory stockpile data 8299 | -7/Zion | Discovered new exit (range 3) 8344 | -7/Zion | Given the Hacking Drone Bay 8345 | -7/Zion | Found Prototype Device 8345 | -7/Zion | Identified Hacking Drone Bay 8427 | -7/Zion | Identified exit to Deep Caves 8551 | -7/Zion | Entered Deep Caves 8551 | -7/Deep Caves | Accompanied by 3 allies 8685 | -7/Deep Caves | Attacked by Z-Imprinter 8703 | -7/Deep Caves | Core integrity fell below 50% 8720 | -7/Deep Caves | Core integrity fell below 20% 8726 | -7/Deep Caves | Destroyed by Z-Imprinter with Zionite Laser-M Last Messages --------------- 08635_ Acquired CR-A16's Pointy Stick. 08637_ Dropped CR-A16's Pointy Stick. 08638_ Acquired Imp. Utility Shielding. 08671_ WY-I2U(o) is busy at the terminal. 08675_ NEW_ZION: Z-Facility proximity alert. Z-Imprinter: GET AWAY FROM HERE! I've worked too hard for our future just to have you ruin everything! 08686_ Sneak attack on Z-Imprinter. 08686_ Destroyed Prototype Protection. 08692_ Cesium-ion Thruster destroyed. 08695_ Lgt. Angular Momentum Engine destroyed. 08695_ Mak. Flight Unit destroyed. 08695_ Mak. Spear destroyed. 08695_ Dropped Imp. Cesium-ion Thruster. 08696_ Dropped Cesium-ion Thruster. 08700_ Destroyed Prototype Hover Unit. 08702_ Gui. Plasma Cannon destroyed. 08702_ Lgt. Angular Momentum Engine destroyed. 08711_ Acquired CR-A16's Pointy Stick. 08722_ Mak. System Shield destroyed. Map ----- +----------------------------------------------------+ | | | | | | | | | | | | | | | | | | | | | | | | | | | | | | | | | | | | | | | ??????????????????????????????? | | ?????????????????????########?? | | ????????????????????## !!= ##? | | ??########????####?## z] ## | | ?## #???## ### z ;? | | ## #??## I ##? | | # ##?## ##@ ;#? | | # ###??# "### ;# | | ## ##????# ###?# #? | | ?## #?????# ##???# #;? | | ??# ###???## ##????####?# | | ??# #???## ##??????????? | | ###### #??## ##???????????? | | =#### #???####?????? | | =*"##" #??## ####??? | | = ! #??# #??? | | ##""####"### #?## #??? | | ?##????###?# ##?# #??? | | ??????????## ##??# #???? | | ?????????## ##??# #????? | | ?????????# ##### #????? | | ??####???# ## ##???? | | ?## ???# #???? | | ?# ?## #???? | | ?# ## ##???? | | ## ###????? | | # ###??????? | | # #### ##????????? | | ## ### ##?????????? | | ??# ##?????????? | | ??## # ####??????? | +----------------------------------------------------+ Best States ------------- Heat Dissipation 34 Energy Generation 18 Energy Capacity 290 Matter Stores 300 Matter Capacity 300 Sight Range 16 Robot Scan Range 30 Terrain Scan Density 10 Armor Coverage 450 Resistance: EM 15 Utility Shielding 66 Evasion (%) 64 Armor Integrity Analysis 33 Recoil Reduction 4 Offensive Hacking 20 Defensive Hacking 22 Item Schematics ----------------- Imp. Cesium-ion Thruster | -7/Factory | Scanalyzed Robot Schematics ------------------ None Fabricated ------------ Imp. Cesium-ion Thruster | x1 | -7/Factory Imp. Cesium-ion Thruster | x1 | -7/Factory Imp. Cesium-ion Thruster | x1 | -7/Factory Alien Tech Used ----------------- None Achievements -------------- None Challenges ------------ None Game ------ Seed TractorTerrainMachine Manual? 0 Play Time 01:19:40 Cumulative 724.6 hours Start 2020.09.16 @ 11:16:12 End 2020.09.16 @ 12:32:45 Sessions 1 Manual Loads 0 Difficulty Rogue Special Mode None Game No. 468 Rogue 468 Adventurer 0 Explorer 0 Win Type - Total 109 Types 75/6/8/10/5/1/4/0/0 Lore% 94 Gallery% 94 Achievement% 81 Wizard Run 0 Options --------- ASCII 0 Keyboard 0 Movement Numpad Keybinds 0 Fullscreen 2 Font 18/SmallcapsGlow Map View 76x50 Tactical HUD 1 Map Filters NONE Filters NONE Steam 1 RUN: 401e4fef-f597-4a3b-9fd4-f043bd119798